 Dungeon Crawl Stone Soup version 0.31-a0-1591-g515db51633 (webtiles) character file.

Game seed: 4548781539358343880

672 anacleto the Ruffian (level 7, -1/67 HPs)
             Began as a Troll Gladiator on Jan 7, 2024.
             Slain by a hound (2 damage)
             ... on level 5 of the Dungeon.
             The game lasted 00:07:33 (3832 turns).

anacleto the Ruffian (Troll Gladiator)              Turns: 3832, Time: 00:07:33

Health: -1/67      AC:  4    Str: 25    XL:     7   Next: 32%
Magic:  7/7        EV: 10    Int:  4    God:
Gold:   162        SH:  0    Dex: 11    Spells: 6/6 levels left

rFire   . .          .
                       - Unarmed
rCold   . . .        (no shield)
rNeg    . . .        a - +0 robe
rPois   .            b - melded +0 hat
rElec   .            (cloak currently unavailable)
rCorr   .            (gloves unavailable)
SInv    .            (boots unavailable)
Will    .....        (no amulet)
Stlth   +            (no ring)
HPRegen 1.11/turn    (no ring)
MPRegen 0.10/turn

%: no passive effects
@: lethally poisoned (-1 -> -2), beast-form
A: beast (slay +1), large, unfitting armour, claws 3, regeneration 1, shaggy fur
1, tough skin 1
a: Begin Untransformation


You were on level 5 of the Dungeon.
You were a hulking beast.
You visited 1 branch of the dungeon, and saw 5 of its levels.

You collected 162 gold pieces.

Inventory:

Missiles
 c - 5 throwing nets (quivered)
 d - 5 large rocks
 f - 6 poisoned darts
Armour
 a - a +0 robe (worn)
 b - a +0 hat (melded)
Talismans
 m - a beast talisman (active)
Wands
 p - a wand of flame (10)
Scrolls
 e - 4 scrolls of identify {unknown}
 g - 4 scrolls of teleportation {unknown}
 i - a scroll of fog {unknown}
 j - a scroll of amnesia {unknown}
 o - a scroll of noise {unknown}
 q - a scroll of enchant weapon {unknown}
 s - a scroll of revelation {unknown}
Potions
 h - a potion of haste {unknown}
 k - 2 potions of mutation {unknown}
 l - a potion of lignification {unknown}
 n - a potion of resistance {unknown}
 r - a potion of ambrosia {unknown}
 t - a potion of might {unknown}
 u - a potion of heal wounds {unknown}


   Skills:
 * Level 3.5 Fighting
 + Level 3.0 Throwing
 + Level 1.6 Armour
 + Level 3.2 Dodging
 * Level 4.7 Unarmed Combat
 + Level 2.2 Invocations
 + Level 2.1 Shapeshifting


You had 6 spell levels left.
You didn't know any spells.
Your spell library contained the following spells:

 Spells                   Type           Power      Damage    Failure   Level
 Sting                    Conj/Alch      0%         1d3       50%         1
 Mercury Vapours          Alch/Air       0%         N/A       65%         2
 Olgreb's Toxic Radiance  Alch           0%         N/A       99%         4


Dungeon Overview and Level Annotations

Branches:
Dungeon (5/15)
 Temple: D:4-7

Altars:
Hepliaklqana
Ru
Trog

Shops:
D:1 !   D:3 :   D:5 (

Annotations:
D:5 2 transporters, Pokonic1's ghost, novice HuFi


Innate Abilities, Weirdness & Mutations

You are a hulking beast.
Your limbs bulge with bestial killing power. (Slay +1)
You are too large for most types of armour.
You have claws for hands.
Your natural rate of healing is unusually fast.
You are covered in fur. (AC +1)
You have tough skin. (AC +1)


Message History

The shadow imp attacks as it pursues you!
The shadow imp hits you.
* * * LOW HITPOINT WARNING * * *
The adder barely misses you.
You barely miss the adder. The shadow imp gestures at you.
You struggle to resist.
The adder bites you but does no damage. The adder bites you.
* * * LOW HITPOINT WARNING * * *
You are poisoned.
The adder poisons you! The white imp misses you.
You feel sick. The ogre attacks as it pursues you! The ogre closely misses you.
The white imp hits you but does no damage.
You feel sick.
You feel sick.
The shadow imp shouts, "Crawl home, thou clouted weevil-witted ratsbane!"
The hound pauses to sniff the ground.
You feel sick. The white imp gestures at you. The puff of frost hits you!
* * * LOW HITPOINT WARNING * * *
You feel sick.
You are no longer poisoned.
You miss the adder. The adder barely misses you. The adder bites you.
* * * LOW HITPOINT WARNING * * *
You are lethally poisoned!
The adder poisons you!
You barely miss the adder.
* * * LOW HITPOINT WARNING * * *
You feel sick. The adder bites you but does no damage.
You claw the ogre!
You kill the ogre!
* * * LOW HITPOINT WARNING * * *
You feel sick. The adder barely misses you.
Your Throwing skill increases to level 3!
You claw the adder!
You kill the adder!
* * * LOW HITPOINT WARNING * * *
You feel sick. The hound bites you.
You die...

#...........................
#.....................©.....
#.................#########.
#####..........h.##8.$:$.8##
#............#O5......©#
#............#oW#...#..#
#......5.5...#9#.....#
#......#h#...#....©...
#.######h#...#.#.....# #
#.)...#..#...#.
####..#........ #..##8.....8
#...######## #.......©...
##..........
########..#.#..##
#...........# .#


You could see 2 hounds, a white imp and a shadow imp.

Vanquished Creatures
  2 ogres (D:5)
  A scorpion (D:4)
  2 bombardier beetles
  A hound (D:3)
  2 orc priests (D:3)
  2 iguanas
  An orc wizard (D:5)
  6 adders
  4 gnolls
  2 dart slugs
  3 ribbon worms
  19 orcs
  10 endoplasms
  3 giant cockroaches
  6 hobgoblins
  6 jackals (D:1)
  6 kobolds
  4 quokkas
  4 ball pythons
  3 bats
  9 frilled lizards
  5 goblins
  5 rats
106 creatures vanquished.

Notes
Turn   | Place    | Note
-------+----------+-------------------------------------------
     0 | D:1      | anacleto the Troll Gladiator began the quest for the Orb.
     0 | D:1      | Reached XP level 1. HP: 19/19 MP: 0/0
     6 | D:1      | Noticed a mana viper
     6 | D:1      | Noticed a polar bear
     6 | D:1      | Noticed a swamp drake
     7 | D:1      | Noticed a killer bee
     7 | D:1      | Noticed a hound
   370 | D:1      | Reached XP level 2. HP: 28/28 MP: 1/1
   602 | D:1      | You fall into a shaft and drop 1 floor!
   669 | D:2      | Reached XP level 3. HP: 35/35 MP: 2/2
   734 | D:2      | Found a faded altar of an unknown god.
  1192 | D:1      | Found Ackat's Distillery.
  1690 | D:2      | Reached XP level 4. HP: 42/42 MP: 3/3
  1859 | D:3      | Reached skill level 1 in Invocations
  1868 | D:3      | Reached skill level 1 in Shapeshifting
  1897 | D:3      | Reached XP level 5. HP: 11/50 MP: 4/4
  1993 | D:3      | Found a hazy altar of Hepliaklqana.
  2191 | D:3      | Found a sacrificial altar of Ru.
  2295 | D:3      | Reached skill level 1 in Armour
  2356 | D:3      | Found Macseohu's Vocational Training.
  2450 | D:3      | Reached skill level 4 in Unarmed Combat
  2548 | D:3      | Found a bloodstained altar of Trog.
  2998 | D:4      | Reached XP level 6. HP: 20/59 MP: 6/6
  3600 | D:5      | Entered Level 5 of the Dungeon
  3626 | D:5      | Reached XP level 7. HP: 23/67 MP: 7/7
  3722 | D:5      | Found a transporter.
  3722 | D:5      | Noticed Pokonic1's ghost (novice HuFi)
  3726 | D:5      | Noticed a gargoyle
  3782 | D:5      | Found Zojied's Antique Weapon Shop.
  3808 | D:5      | Found a transporter.
  3826 | D:5      | HP: 2/67 [white imp/puff of frost (11)]
  3831 | D:5      | HP: 1/67 [poisoned by an adder]
  3832 | D:5      | Slain by a hound

Illustrated notes

Levels and vault maps discovered:
D:1:      onia_arrival_zoo_common, layout_basic, serial_shops,
          nicolae_shop_hallway_stairs, minmay_misc_feat_chi
D:2:      layout_basic, basic_ecumenical_altar
D:3:      cheibrodos_pilgrimage, layout_basic, trog_butcher_becter,
          mainiacjoe_overflow_paths, mainiacjoe_overflow_small_starburst,
          nicolae_shop_vocational
D:4:      layout_rooms, minmay_misc_feat_diagonals, minmay_misc_feat_ornament
D:5:      layout_basic, ashenzari_conservatory_becter, gammafunk_ghost_arena,
          serial_shops, shop, nicolae_letterblocks [nicolae_letter_subblock,
          nicolae_letter_subblock, nicolae_letter_subblock,
          nicolae_letter_subblock, nicolae_letter_subblock,
          nicolae_letter_subblock, nicolae_letter_subblock,
          nicolae_letter_subblock, nicolae_letter_subblock,
          nicolae_letter_subblock, nicolae_letter_subblock,
          nicolae_letter_subblock, nicolae_letter_subblock,
          nicolae_letter_subblock, nicolae_letter_subblock,
          nicolae_letter_subblock, nicolae_letter_subblock,
          nicolae_letter_subblock, nicolae_letter_subblock,
          nicolae_letter_subblock, nicolae_letter_subblock,
          nicolae_letter_subblock, nicolae_letter_subblock,
          nicolae_letter_subblock, nicolae_letter_subblock]

Skill      XL: |  1  2  3  4  5  6  7 |
---------------+----------------------+-----
Fighting       | 2 3 |  3.5
Throwing       | 2 3 |  3.0
Invocations    | 1 2 |  2.2
Shapeshifting  | 1 2 |  2.1
Armour         | 1 |  1.6
Unarmed Combat | 4 |  4.7
Dodging        | 3 |  3.2

Action                     |  1- 3 |  4- 6 |  7- 9 || total
---------------------------+-------+-------+-------++-------
  Melee: Unarmed           |    95 |   163 |    23 ||   281
         Punch             |     2 |     3 |     1 ||     6
   Stab: Sleeping          |     3 |       |       ||     3
 Armour: Robe              |    61 |    76 |    27 ||   164
  Dodge: Dodged            |    55 |    58 |    20 ||   133
   Form: Beast             |     1 |       |       ||     1

Table legend: (Time is in decaauts)
 A = Elapsed time spent in this place.
 B = Non-inter-level travel time spent in this place.
 C = Inter-level travel time spent in this place.
 D = Time resting spent in this place.
 E = Time spent auto-exploring this place.
 F = Levels seen in this place.
 G = Mean time per level.
                   A        B        C        D        E       F      G
               +--------+--------+--------+--------+--------+-----+--------+
         Total |   3811 |   3659 |    152 |    116 |   2650 |   5 |  762.2 |
       Dungeon |   3811 |   3659 |    152 |    116 |   2650 |   5 |  762.2 |
               +--------+--------+--------+--------+--------+-----+--------+

Top non-repeatable levels by time:
     D:3: 1075 daAuts
     D:1: 1002 daAuts
     D:2: 813 daAuts
     D:4: 690 daAuts
     D:5: 229 daAuts
